 Dungeon Crawl Stone Soup version 0.31-a0-983-g7b6862f502 (webtiles) character file.

Game seed: 3587422538801288086

1507 anoamas321 the Caller (level 8, 0/36 HPs)
             Began as a Felid Summoner on Nov 2, 2023.
             Was a Follower of Kikubaaqudgha.
             Killed from afar by an electric eel (6 damage)
             ... with a bolt of electricity
             ... on level 6 of the Dungeon.
             The game lasted 00:55:59 (5949 turns).

anoamas321 the Caller (Felid Summoner)              Turns: 5949, Time: 00:55:59

Health: 0/36       AC:  2    Str:  6    XL:     8   Next: 52%
Magic:  13/24      EV: 20    Int: 16    God:    Kikubaaqudgha [*.....]
Gold:   229        SH:  0    Dex: 17    Spells: 9/15 levels left
                                        Lives:  0   Deaths: 3

rFire   . .          .
                       - Unarmed
rCold   . . .        (shield unavailable)
rNeg    . . .        (body armour unavailable)
rPois   .            (helmet unavailable)
rElec   .            (cloak unavailable)
rCorr   .            (gloves unavailable)
SInv    +            (boots unavailable)
Will    +....        d - amulet of regeneration
Stlth   +++          q - ring of magical power
HPRegen 1.06/turn    (no ring)
MPRegen 0.19/turn

%: no passive effects
@: quick
A: very small, claws 1, fangs 3, see invisible, speed 1, shaggy fur 2, stealthy
paws, no weapons or thrown items, no armour, multi-lived
a: Renounce Religion, Unearth Wretches


You were on level 6 of the Dungeon.
You worshipped Kikubaaqudgha.
Kikubaaqudgha was aware of your devotion.
You visited 2 branches of the dungeon, and saw 7 of its levels.
You also visited: Sewer.

You collected 249 gold pieces.
You spent 20 gold pieces at shops.

Inventory:

Jewellery
 d - an amulet of regeneration (around neck)
 j - an amulet of faith
 q - a ring of magical power (left paw)
Wands
 t - a wand of iceblast (5)
Scrolls
 c - a scroll of enchant weapon
 l - a scroll of fear
 m - a scroll of fog {unknown}
 r - a scroll of acquirement {unknown}
 u - a scroll of blinking {unknown}
 v - a scroll of immolation {unknown}
Potions
 a - 5 potions of magic
 b - a potion of haste
 e - a potion of attraction
 f - 3 potions of might
 g - 2 potions of resistance
 h - a potion of curing
 k - a potion of brilliance
 n - 3 potions of cancellation {unknown}
 o - a potion of berserk rage
 p - a potion of mutation
 s - 2 potions of heal wounds {unknown}
 w - a potion of lignification {unknown}


   Skills:
 + Level 3.9 Fighting
 + Level 6.2 Dodging
 - Level 5.0 Stealth
 + Level 2.5 Unarmed Combat
 + Level 4.2 Spellcasting
 * Level 7.3 Summonings
 + Level 1.9 Air Magic


You had 9 spell levels left.
You knew the following spells:

 Your Spells              Type           Power      Damage    Failure   Level
a - Summon Small Mammal   Summ           100%       N/A       1%          1
b - Call Imp              Summ           52%        N/A       1%          2
c - Call Canine Familiar  Summ           26%        N/A       2%          3

Your spell library contained the following spells:

 Spells                   Type           Power      Damage    Failure   Level
 Summon Guardian Golem    Hex/Summ       15%        N/A       11%         3
 Kiss of Death            Conj/Necr      12%        2d6       17%         1
 Magic Dart               Conj           12%        1d3       17%         1
 Necrotise                Necr           12%        1d4       17%         1
 Sting                    Tmut/Pois      12%        1d3       17%         1
 Poisonous Vapours        Pois/Air       12%        N/A       17%         2
 Summon Lightning Spire   Summ/Air       18%        N/A       24%         4
 Blink                    Tloc           6%         N/A       26%         2
 Searing Ray              Conj           6%         2d4       26%         2
 Sublimation of Blood     Necr           3%         N/A       26%         2
 Dazzling Flash           Conj/Hex       6%         N/A       45%         3
 Vampiric Draining        Necr           3%         2d6       45%         3
 Volatile Blastmotes      Fire/Tloc      6%         2d10      45%         3
 Animate Dead             Necr           3%         N/A       86%         4
 Fulminant Prism          Conj/Hex       1%         3d5       86%         4
 Manifold Assault         Tloc           3%         N/A       86%         4
 Olgreb's Toxic Radiance  Pois           3%         N/A       86%         4
 Petrify                  Tmut/Erth      3%         N/A       86%         4
 Irradiate                Conj/Tmut      1%         3d12      99%         5
 Starburst                Conj/Fire      1%         6d3       100%        6
 Maxwell's Capacitive Co  Air            4%         ∞         100%        8


Dungeon Overview and Level Annotations

Branches:
Dungeon (6/15)             Temple (1/1) D:5           Sewer (visited)

Altars:
Ashenzari
Cheibriados
Dithmenos
Elyvilon
Fedhas
Gozag
Kikubaaqudgha
Makhleb
Nemelex Xobeh
Okawaru
Qazlal
Ru
Sif Muna
Trog
Uskayaw
Wu Jian
Yredelemnul
Zin
The Shining One

Shops:
D:2 [   D:3 *?[


Innate Abilities, Weirdness & Mutations

You have sharp claws.
You have razor-sharp teeth.
You have supernaturally acute eyesight. (SInv)
You cover ground quickly. (Speed+)
You are covered in thick fur. (AC +2)
Your paws help you pounce on unaware monsters.
You are incapable of wielding weapons or throwing items.
You cannot wear armour.
You gain extra lives every three experience levels.


Message History

The bolt of electricity hits you!
You hear the quick hiss of a very distant avalanche of sand.
Casting: Call Canine Familiar (dangerous; 2% risk of failure)
Confirm with . or Enter, or press ? or * to list all spells.
The electric eel shoots out a bolt of lightning at you!
The bolt of electricity hits you! What are your orders? t - Meow!
Orders for allies: a - Attack new target. r - Retreat! s - Stop attacking. g - Guard the area. f - Follow me.
Anything else - Cancel.
Gang up on whom?
Press: ? - help, Dir - move target, f - electric eel
Aim: an electric eel Attack!
Your hound barely misses the electric eel.
The electric eel shoots out a bolt of lightning at you!
The bolt of electricity hits you.
Your hound closely misses the electric eel.
Your hound bites the electric eel.
Your hound bites the electric eel.
The electric eel shoots out a bolt of lightning at you!
The bolt of electricity hits you!
Things that are here:
2 stones; a kobold corpse Your hound barely misses the electric eel.
You see here 2 stones.
Casting: Call Canine Familiar (dangerous; 2% risk of failure)
Confirm with . or Enter, or press ? or * to list all spells.
A tiny devil pulls itself out of the air.
Your hound closely misses the electric eel.
The electric eel shoots out a bolt of lightning at you!
The bolt of electricity hits you!
* * * LOW HITPOINT WARNING * * *
Your hound completely misses the electric eel.
The electric eel shoots out a bolt of lightning at you!
The bolt of electricity hits you.
You die...
Kikubaaqudgha rasps: "You have failed me!
Welcome... death!"

#...#### ## ##. ##.#...#
# .... #.h.#.## # #..##
###....## #
.##...###########.#..###.
..........(..............
..........(..............
~~~~~~...((.~~~h..~.~.~~~
~~≈~~~.5@.(~~~S~~~~~~~~≈≈
~≈≈≈≈~....~~≈≈≈≈~~≈≈~~≈≈≈
≈≈≈≈~......~~≈≈≈~≈≈≈≈≈≈≈≈
#######++################


You could see an electric eel (ally target), a friendly hound (summoned) and a
friendly cerulean imp (summoned).

Vanquished Creatures
  A kobold brigand (Sewer)
  A hound (D:6)
  An orc priest (D:4)
  A sleepcap (D:6)
  2 orc wizards (D:4)
  3 adders
  A white imp (D:5)
  A worm (D:2)
  3 dart slugs (D:1)
  4 orcs
  5 endoplasms
  9 giant cockroaches
  3 goblins
  7 hobgoblins
  3 jackals (D:1)
  7 kobolds
  6 quokkas
  5 ball pythons
  6 bats
  4 frilled lizards
  4 rats
77 creatures vanquished.

Vanquished Creatures (collateral kills)
  2 black bears (D:4)
  An ice beast (D:5)
  An ogre (D:5)
  A phantom (D:5)
  4 kobold brigands
  A scorpion (D:4)
  An electric eel (D:6)
  A howler monkey (D:5)
  A hound (D:5)
  4 orc priests
  2 orc wizards
  3 gnolls (D:5)
  3 adders
  A white imp (D:6)
  A worm (D:2)
  2 dart slugs
  15 orcs
  5 endoplasms
  2 giant cockroaches (D:4)
  A goblin (D:1)
  2 hobgoblins (D:4)
  6 jackals (D:1)
  8 kobolds
  2 quokkas
  4 ball pythons
  A bat (Sewer)
  3 frilled lizards
  2 rats
80 creatures vanquished.

Vanquished Creatures (others)
  Ijyb (D:5)
  A kobold (D:6)
2 creatures vanquished.

Grand Total: 159 creatures vanquished

Notes
Turn   | Place    | Note
-------+----------+-------------------------------------------
     0 | D:1      | anoamas321 the Felid Summoner began the quest for the Orb.
     0 | D:1      | Reached XP level 1. HP: 7/7 MP: 4/4
    94 | D:1      | Reached XP level 2. HP: 8/11 MP: 3/6
   202 | D:1      | Learned a level 2 spell: Call Imp
   401 | D:1      | Found a faded altar of an unknown god.
   421 | D:1      | Reached XP level 3. HP: 15/15 MP: 3/7
  1312 | D:2      | Reached XP level 4. HP: 18/18 MP: 3/8
  1446 | D:2      | Reached skill level 1 in Fighting
  1530 | D:2      | Found Hutiagg's Antique Armour Boutique.
  2009 | D:3      | Found a snail-covered altar of Cheibriados.
  2081 | D:3      | Found Wiepehuo's Armour Shoppe.
  2097 | D:3      | Found Beuff's Magic Scroll Emporium.
  2105 | D:3      | Bought a scroll of identify for 20 gold pieces
  2113 | D:3      | Found Fochal's General Store.
  2377 | D:3      | Killed from afar by an orc priest
  2939 | D:4      | Noticed a scorpion
  2982 | D:4      | Killed a scorpion
  2983 | D:4      | Reached skill level 5 in Summonings
  2983 | D:4      | Reached XP level 5. HP: 9/22 MP: 5/10
  3041 | D:4      | Noticed a black bear
  3074 | D:4      | Killed a black bear
  3077 | D:4      | Gained mutation: You are covered in thick fur. (AC +2)
                  | [Felid growth]
  3077 | D:4      | Reached XP level 6. HP: 24/26 MP: 5/11
  3226 | D:4      | Learned a level 3 spell: Call Canine Familiar
  3328 | D:4      | Found a glowing drain.
  3371 | Sewer    | Entered a sewer
  3626 | Sewer    | Reached skill level 5 in Stealth
  3703 | Sewer    | Reached XP level 7. HP: 30/30 MP: 2/12
  3727 | Sewer    | Reached skill level 6 in Summonings
  3918 | D:4      | Reached skill level 5 in Dodging
  4243 | D:4      | Reached skill level 1 in Unarmed Combat
  4412 | D:5      | Entered Level 5 of the Dungeon
  4490 | D:5      | Mangled by an ogre
  4614 | D:5      | Found a staircase to the Ecumenical Temple.
  4644 | Temple   | Entered the Ecumenical Temple
  4657 | Temple   | Became a worshipper of Kikubaaqudgha
  4692 | D:5      | Noticed Ijyb
  4715 | D:5      | Killed Ijyb
  4913 | D:5      | Reached skill level 1 in Air Magic
  4913 | D:5      | Reached XP level 8. HP: 34/34 MP: 14/14
  5012 | D:5      | Found an ornate altar of the Wu Jian Council.
  5282 | D:5      | Reached skill level 7 in Summonings
  5691 | D:6      | Killed from afar by an electric eel
  5694 | D:6      | Found a blossoming altar of Fedhas.
  5703 | D:6      | Found a hide-covered altar of Uskayaw.
  5706 | D:6      | Found a stormy altar of Qazlal.
  5708 | D:6      | Found a shadowy altar of Dithmenos.
  5749 | D:6      | Reached * piety under Kikubaaqudgha
  5749 | D:6      | Received a gift from Kikubaaqudgha
  5864 | D:6      | Noticed a kobold demonologist
  5867 | D:6      | Noticed a kobold demonologist
  5891 | D:6      | Noticed a red devil
  5949 | D:6      | Killed from afar by an electric eel

Illustrated notes

Levels and vault maps discovered:
D:1:      tarquinn_simple_flora_water_e, layout_loops_ring,
          shapermc_ecumenical_altar_starsandcircs, columned_hall_lemuel,
          minmay_fountain_box
D:2:      layout_loops_ring, serial_shops, nicolae_shop_back_alley_shop,
          grunt_decor_clamped, corexii_item_surrounded_by_moat
D:3:      layout_loops_corners, cheibriados_altar_1, serial_shops,
          nicolae_square_shop, nicolae_shop_tiny_glass, shop, grunt_ministairs_5
D:4:      layout_basic, gup_sewer_entry_pipe
D:5:      layout_loops_ring, mainiacjoe_overflow_paths,
          minmay_temple_entry_glass, chequers_serial_rivers_marsh, uniq_ijyb
D:6:      minmay_goblin_kobold_castle, layout_loops_corners, minitemple,
          enter_ossuary_4, corexii_corridor_pit
Temple:   dshaligram_water_room_temple

Skill      XL: |  1  2  3  4  5  6  7  8 |
---------------+-------------------------+-----
Stealth        | 3 4 5 |  5.0
Dodging        | 3 4 5 6 |  6.2
Fighting       | 1 2 3 |  3.9
Summonings     | 5 6 7 |  7.3
Spellcasting   | 3 4 |  4.2
Unarmed Combat | 1 2 |  2.5
Air Magic      | 1 |  1.9

Action                     |  1- 3 |  4- 6 |  7- 9 || total
---------------------------+-------+-------+-------++-------
  Melee: Unarmed           |    97 |   193 |   107 ||   397
         Bite              |    12 |    23 |    16 ||    51
         Punch             |       |     4 |     2 ||     6
   Cast: Summon Small Mamm |    21 |    31 |    15 ||    67
         Call Imp          |     9 |    20 |    26 ||    55
         Call Canine Famil |       |     4 |    31 ||    35
    Use: Scroll            |       |     7 |     4 ||    11
         Potion            |       |     3 |       ||     3
   Stab: Sleeping          |     9 |    14 |     5 ||    28
         Distracted        |       |     2 |     1 ||     3
 Armour: Skin              |    31 |    67 |    56 ||   154
  Dodge: Dodged            |    89 |   202 |    97 ||   388

Table legend: (Time is in decaauts)
 A = Elapsed time spent in this place.
 B = Non-inter-level travel time spent in this place.
 C = Inter-level travel time spent in this place.
 D = Time resting spent in this place.
 E = Time spent auto-exploring this place.
 F = Levels seen in this place.
 G = Mean time per level.
                   A        B        C        D        E       F      G
               +--------+--------+--------+--------+--------+-----+--------+
         Total |   5175 |   4988 |    187 |    292 |   2985 |   8 |  646.9 |
       Dungeon |   4799 |   4632 |    167 |    285 |   2861 |   6 |  799.8 |
        Temple |     21 |      2 |     19 |      0 |      0 |   1 |   21.0 |
         Sewer |    354 |    354 |      0 |      7 |    123 |   1 |  354.0 |
               +--------+--------+--------+--------+--------+-----+--------+

Top non-repeatable levels by time:
     D:4: 980 daAuts
     D:3: 912 daAuts
     D:5: 817 daAuts
     D:1: 816 daAuts
     D:2: 778 daAuts
     D:6: 494 daAuts
   Sewer: 354 daAuts
  Temple: 21 daAuts
